 Dungeon Crawl Stone Soup version 0.30-a0-576-g89cddaab80 (webtiles) character file.

Game seed: 16366197536792214246

479 kae the Changer (level 6, -1/43 HPs)
             Began as a Demonspawn Transmuter on Dec 30, 2022.
             Slain by a gnoll
             ... wielding a +0 club
              (4 damage)
             ... on level 5 of the Dungeon.
             The game lasted 00:03:40 (4000 turns).

kae the Changer (Demonspawn Transmuter)             Turns: 4000, Time: 00:03:40

Health: -1/43      AC:  2    Str: 10    XL:     6   Next: 86%
Magic:  9/11       EV: 19    Int: 17    God:
Gold:   253        SH:  0    Dex: 18    Spells: 2/12 levels left

rFire   . . .      SeeInvis .      - Unarmed
rCold   . . .      Faith    .    (shield currently unavailable)
rNeg    . . .      Spirit   .    (body armour currently unavailable)
rPois   x          Reflect  .    (helmet currently unavailable)
rElec   .          Harm     .    (cloak currently unavailable)
rCorr   .          Rampage  .    (gloves currently unavailable)
Will    .....                    (boots currently unavailable)
Stlth   ++                       (no amulet)
HPRegen 0.27/turn                (no ring)
MPRegen 0.12/turn                (no ring)

@: spider-form
A: venomous fangs, tiny, ignite blood 2, powered by death 2
a: End Transformation


You were on level 5 of the Dungeon.
You were a venomous arachnid creature.
You visited 1 branch of the dungeon, and saw 5 of its levels.

You collected 253 gold pieces.


Innate Abilities, Weirdness & Mutations

You are a venomous arachnid creature.
You have poisonous fangs.
You are tiny and dextrous.
Your spellcasting is less reliable in this form.
Your armour is entirely melded.
You are incapable of wielding weapons or throwing items.
Your demonic aura often causes spilled blood to erupt in flames.
You regenerate health from kills.


   Skills:
 - Level 1.0 Fighting
 - Level 1.7 Dodging
 + Level 4.0 Unarmed Combat
 + Level 3.5 Spellcasting
 * Level 4.6 Transmutations
 * Level 1.5 Ice Magic
 - Level 1.5 Poison Magic


You had 2 spell levels left.
You knew the following spells:

 Your Spells              Type           Power      Damage    Failure   Level
a - Beastly Appendage     Tmut           36%        N/A       10%         1
b - Wereblood             Tmut           18%        N/A       12%         2
c - Spider Form           Tmut/Pois      13%        N/A       32%         3
d - Ice Form              Ice/Tmut       13%        N/A       65%         4

Your spell library contained the following spells:

 Spells                   Type           Power      Damage    Failure   Level
 Necrotise                Necr           8%         1d4       36%         1
 Gell's Gravitas          Tloc           2%         N/A       67%         3
 Lesser Beckoning         Tloc           4%         N/A       67%         3
 Teleport Other           Tloc           2%         N/A       67%         3
 Vampiric Draining        Necr           2%         2d6       67%         3
 Agony                    Necr           2%         N/A       100%        5

Inventory:

Missiles
 c - 62 stones
 f - 3 poisoned darts
 m - 5 boomerangs
Armour
 a - a +0 robe (melded)
Magical Staves
 k - a staff of cold {!a}
   (You found it on level 3 of the Dungeon)
Wands
 h - a wand of acid (10)
   (You found it on level 2 of the Dungeon)
 l - a wand of mindburst (20)
   (You found it on level 4 of the Dungeon)
 o - a wand of paralysis (9)
   (You found it on level 5 of the Dungeon)
Scrolls
 g - 2 scrolls of teleportation {@r4}
 i - a scroll of immolation {!r!r}
 p - a scroll of identify {@r1}
Potions
 b - 3 potions of lignification {!q}
 d - a potion of magic
 e - a potion of cancellation
 j - 4 potions of might
 n - 2 potions of curing {unknown}
 q - a potion of ambrosia

Dungeon Overview and Level Annotations

Branches:
Dungeon (5/15) Zot: 26008
 Temple: D:4-7

Altars:
Dithmenos
Okawaru
Wu Jian

*** **,** #..#.#.... ,,* #...*
#..#.##... *,**** #...*
#......... ,,,,,* #...*
##.####.## *,,*,* #...* #.####.##
*,,*,* #...* #........
,,,,,****####...#########..#####.
,,,,,**,,.............#......###.
,,,,,,,,,....?..s.)○....#..#.....
,,,,,**,,......hg.....#.#..#..##.
,,,,,**,*##.#.g.#O#####.#........
*,,,,**,* *,#...#.# #.........##
*,*,,**,* *,#...#g# ##.##.#..##
*,*,,**,***,#g..#.# #......##
,,,,,,,,,,,,....#.# ####.###
,,,,,***,**.......# #.#
*,,,,,,,,,,,,,**### #.#


You could see an ogre, a hound and 4 gnolls.


Message History

As you read the scroll labelled REAFEA PIWNI, it crumbles to dust.
You feel aware of your surroundings.
You sensed 1 altar.
It was a scroll of magic mapping.
Key pressed, stopping explore.
Unknown command.
A phantom comes into view.
A phantom is nearby!
A phantom is nearby!
Casting: Spider Form (dangerous; 16% risk of failure)
Confirm with . or Enter, or press ? or * to list all spells.
The spell is extremely dangerous to miscast (54% risk of failure)!
Continue anyway? [Y]es or [N]o only, please.
The spell is extremely dangerous to miscast (54% risk of failure)!
Continue anyway?
You miscast Ice Form.
You are very lightly contaminated with residual magic.
You are covered in a thin layer of ice. 😕 HP[-6] MP[-4]
You take 6 damage, and now have 37/43 hp.
You lost 4 mp, and now have 6/10 mp.
Casting: Ice Form (extremely dangerous; 54% risk of failure)
Confirm with . or Enter, or press ? or * to list all spells.
You turn into a venomous arachnid creature.
Your +0 robe melds into your body. 😕 HP[+1] MP[-3]
You lost 3 mp, and now have 3/10 mp.
You hit the phantom. You hit the phantom but do no damage.
The phantom barely misses you.
You hit the phantom. The phantom barely misses you.
You hit the phantom. The phantom completely misses you.
You hit the phantom but do no damage. The phantom misses you. 😕 HP[+1] MP[+1]
You barely miss the phantom. The phantom completely misses you.
You hit the phantom but do no damage. The phantom barely misses you.
You hit the phantom. The phantom barely misses you.
You hit the phantom. The phantom hits you. 😕 HP[-2]
You take 2 damage, and now have 37/43 hp.
Unknown command.
You barely miss the phantom. The phantom barely misses you.
You hit the phantom.
You destroy the phantom!
Your Ice Magic skill increases to level 1! 😕 HP[+2]
You regained 2 hp, and now have 39/43 hp.
Unknown command. 😕 HP[+2]
You regained 2 hp, and now have 41/43 hp. 😎 HP[+2]
Your hp is fully restored (43).
Unknown command.
Your transformation is almost over.
Your magical contamination has completely faded away. 😎 MP[+1]
Your transformation has ended.
Your +0 robe unmelds from your body. 😎 MP[+1] Unknown command.
You see here a +0 rapier of draining. 😎 MP[+5]
Your mp is fully restored (11).
o - a wand of paralysis (9)
p - a scroll of identify {@r1} An ogre comes into view.
It is wielding a +0 giant club.
An ogre is nearby!
An ogre is nearby!
An ogre is nearby!
Casting: Spider Form (dangerous; 14% risk of failure)
Confirm with . or Enter, or press ? or * to list all spells.
You turn into a venomous arachnid creature.
Your +0 robe melds into your body. 😎 MP[-3]
You lost 3 mp, and now have 8/11 mp.
You bite the ogre!
The ogre is poisoned.
The ogre is engulfed in blazing flames.
The ogre barely misses you.
You hit the ogre.
The ogre looks as sick as possible!
The ogre is engulfed in blazing flames.
You kill the ogre!
Your Unarmed Combat skill increases to level 4!
A hound, an ogre and a gnoll come into view.
The ogre shouts!
You hear a shout!
A gnoll comes into view. It is wielding a +0 spear.
You hear a bark!
You see here a +0 giant club.
A gnoll comes into view. It is wielding a +0 spear.
A gnoll comes into view. It is wielding a +0 flail.
The ogre hits you with a +0 giant spiked club!
You are too injured to fight recklessly! 😮 HP[-17]
You take 17 damage, and now have 26/43 hp.
MASSIVE DAMAGE!! (PAUSE) Unknown command.
Okay, then.
The ogre attacks as you move away!
The ogre hits you with a +0 giant spiked club!!
Ouch! That really hurt!
* * * LOW HITPOINT WARNING * * *
The gnoll shouts!
The hound misses you. The gnoll completely misses you.
The gnoll hits you with a +0 club.
You die...

Skill      XL: |  1  2  3  4  5  6 |
---------------+-------------------+-----
Transmutations | 2 3 4 |  4.6
Unarmed Combat | 3 4 |  4.0
Poison Magic   | 1 |  1.5
Spellcasting   | 3 |  3.5
Ice Magic      | 1 |  1.5
Fighting       | |  1.0
Dodging        | |  1.7

Action                   |  1- 3 |  4- 6 || total
-------------------------+-------+-------++-------
Melee: Unarmed           |   106 |   106 ||   212
       Kick              |    18 |     4 ||    22
       Headbutt          |    10 |     4 ||    14
       Punch             |     1 |     1 ||     2
 Cast: Beastly Appendage |    24 |     3 ||    27
       Spider Form       |     1 |    12 ||    13
       Wereblood         |     1 |       ||     1
  Use: Scroll            |     6 |     4 ||    10
       Potion            |       |     4 ||     4
 Stab: Sleeping          |     1 |     2 ||     3
Armor: Robe              |    29 |    12 ||    41
       Skin              |       |     2 ||     2
Dodge: Dodged            |   103 |   105 ||   208

Levels and vault maps discovered:
D:1:      heliophobic_arrival_henge, layout_basic
D:2:      layout_loops_ring, dk_noncrumbling_4, grunt_ministairs_14
D:3:      layout_loops_corners, grunt_dithmenos_smoke_and_mirrors,
          okawaru_gym_becter, tso_metal_star, kennysheep_generic_room_5
D:4:      layout_loops_ring, nicolae_wu_jian_wuxing_cycle, fountainhead
D:5:      layout_loops_cross, cheibriados_altar_1,
          eino_small_chamber_without_monster

Notes
Turn   | Place    | Note
-------+----------+-------------------------------------------
     0 | D:1      | kae the Demonspawn Transmuter began the quest for the Orb.
     0 | D:1      | Reached XP level 1. HP: 15/15 MP: 3/3
     0 | D:1      | magus.rc [v1.11.3]
    90 | D:1      | Reached skill level 2 in Transmutations
   197 | D:1      | Gained mutation: You regenerate a little health from kills.
                  | [demonic ancestry]
   197 | D:1      | Reached XP level 2. HP: 21/21 MP: 3/5
   976 | D:2      | Reached skill level 3 in Unarmed Combat
   976 | D:2      | HP: 3/21 [hobgoblin (4)]
   984 | D:2      | Gained mutation: You regenerate health from kills. [demonic
                  | ancestry]
   984 | D:2      | Reached XP level 3. HP: 10/26 MP: 6/6
   992 | D:2      | Learned a level 2 spell: Wereblood
   996 | D:2      | Learned a level 3 spell: Spider Form
  1153 | D:2      | Identified the +4 spear of Opheagum {spect, Will++ Str-2
                  | Dex+2 Stlth+}
  1323 | D:2      | Identified the +5 whip "Ixtepeaq" {heavy, rCorr Int+2}
  1884 | D:3      | Found a shadowy altar of Dithmenos.
  2137 | D:3      | Found an iron altar of Okawaru.
  2182 | D:3      | Reached skill level 3 in Transmutations
  2182 | D:3      | Reached skill level 1 in Poison Magic
  2182 | D:3      | Gained mutation: Your demonic aura sometimes causes spilled
                  | blood to erupt in flames. [demonic ancestry]
  2182 | D:3      | Reached XP level 4. HP: 14/32 MP: 3/7
  2993 | D:3      | HP: 6/32 [poisoned by an adder]
  2999 | D:3      | HP: 8/32 [poisoned by an adder]
  3006 | D:3      | HP: 7/32 [adder (2)]
  3011 | D:3      | HP: 8/32 [adder (1)]
  3070 | D:4      | HP: 8/32 [orc/+0 dagger of draining (3)]
  3073 | D:4      | Reached XP level 5. HP: 4/35 MP: 5/9
  3073 | D:4      | HP: 2/35 [orc/+0 club (2)]
  3362 | D:4      | Found an ornate altar of the Wu Jian Council.
  3416 | D:4      | You pick up a book of Necromancy and begin reading...
  3416 | D:4      | You add the spells Necrotise, Vampiric Draining and Agony
                  | to your library.
  3456 | D:4      | Reached skill level 3 in Spellcasting
  3529 | D:4      | Noticed an ogre
  3537 | D:4      | Killed an ogre
  3538 | D:4      | Reached skill level 4 in Transmutations
  3538 | D:4      | Gained mutation: Your demonic aura often causes spilled
                  | blood to erupt in flames. [demonic ancestry]
  3538 | D:4      | Reached XP level 6. HP: 35/43 MP: 6/10
  3567 | D:4      | You pick up a book of Displacement and begin reading...
  3567 | D:4      | You add the spells Lesser Beckoning, Gell's Gravitas and
                  | Teleport Other to your library.
  3573 | D:4      | Learned a level 4 spell: Ice Form
  3826 | D:5      | Entered Level 5 of the Dungeon
  3867 | D:5      | Reached skill level 1 in Ice Magic
  3997 | D:5      | Reached skill level 4 in Unarmed Combat
  4000 | D:5      | HP: 3/43 [ogre/+0 giant spiked club (23)]
  4000 | D:5      | Slain by a gnoll

Vanquished Creatures
  2 ogres
  A phantom (D:5)
  An orc priest (D:3)
  A hound (D:4)
  3 iguanas (D:4)
  4 adders
  A dart slug (D:1)
  10 orcs
  6 ball pythons
  5 endoplasms (D:1)
  2 giant cockroaches
  A goblin (D:3)
  2 hobgoblins
  7 kobolds
  3 quokkas
  11 bats
  2 frilled lizards
  4 rats
66 creatures vanquished.

Table legend:
 A = Non-vault XP
 B = Vault XP
 C = Vault XP percentage of total XP
 D = Non-vault monster count
 E = Vault monster count
 F = Vault count percentage of total count
                 A         B        C        D         E       F
            +---------+---------+-------+---------+---------+-------
      Total |     680 |       5 |   0.7 |      62 |       4 |   6.1
            +---------+---------+-------+---------+---------+-------
        D:1 |      30 |       0 |   0.0 |      19 |       0 |   0.0
        D:2 |      13 |       2 |  13.3 |       9 |       2 |  18.2
        D:3 |      98 |       3 |   3.0 |      16 |       2 |  11.1
        D:4 |     321 |       0 |   0.0 |      16 |       0 |   0.0
        D:5 |     218 |       0 |   0.0 |       2 |       0 |   0.0
            +---------+---------+-------+---------+---------+-------

Illustrated notes

Table legend:
 A = Kills in this place as a percentage of kills in entire the game.
 B = Kills by you in this place as a percentage of kills by you in the entire game.
 C = Kills by friends in this place as a percentage of kills by friends in the entire game.
 D = Other kills in this place as a percentage of other kills in the entire game.
 E = Experience gained in this place as a percentage of experience gained in the entire game.
 F = Experience gained in this place divided by the number of levels of this place that you have seen.
                   A       B       C       D       E      F
               +-------+-------+-------+-------+-------+----------------------
         Total | 100.0 | 100.0 |   N/A |   N/A | 100.0 | 137.0
       Dungeon | 100.0 | 100.0 |   N/A |   N/A | 100.0 | 137.0
               +-------+-------+-------+-------+-------+----------------------

Table legend: (Time is in decaauts)
 A = Elapsed time spent in this place.
 B = Non-inter-level travel time spent in this place.
 C = Inter-level travel time spent in this place.
 D = Time resting spent in this place.
 E = Time spent auto-exploring this place.
 F = Levels seen in this place.
 G = Mean time per level.
                   A        B        C        D        E       F      G
               +--------+--------+--------+--------+--------+-----+--------+
         Total |   3990 |   3899 |     91 |     69 |   3183 |   5 |  798.0 |
       Dungeon |   3990 |   3899 |     91 |     69 |   3183 |   5 |  798.0 |
               +--------+--------+--------+--------+--------+-----+--------+

Top non-repeatable levels by time:
     D:3: 1217 daAuts
     D:4: 992 daAuts
     D:1: 869 daAuts
     D:2: 738 daAuts
     D:5: 172 daAuts
